 Dungeon Crawl Stone Soup version 0.20.0-15-g7f486f2 (webtiles) character file.

1950 QuCean the Cudgeler (level 8, 0/63 HPs)
             Began as a Purple Draconian Fire Elementalist on June 24, 2017.
             Was an Initiate of Vehumet.
             Slain by a killer bee (9 damage)
             ... on level 7 of the Dungeon.
             The game lasted 00:41:03 (8547 turns).

QuCean the Cudgeler (DrFE)                          Turns: 8547, Time: 00:41:03

Health: 0/63       AC:  7    Str: 11    XL:     8   Next: 99%
Magic:  15/16      EV: 10    Int: 17    God:    Vehumet [......]
Gold:   290        SH:  0    Dex: 12    Spells: 9/18 levels left

rFire    . . .     SeeInvis .   x - +6 shillelagh "Devastator" {shatter}
rCold    . . .     Gourm    .   (no shield)
rNeg     . . .     Faith    .   (armour unavailable)
rPois    .         Spirit   .   (helmet restricted)
rElec    .         Reflect  .   (no cloak)
rCorr    .         Harm     .   d - +0 pair of gloves
MR       ++...                  (no boots)
Stlth    ++........             (no amulet)
Regen    0.2/turn               C - -3 ring of evasion
MPRegen  0.2/turn               D - ring of protection from magic

@: lethally poisoned (0 -> -16)
A: breathe power, unfitting armour, cold-blooded, AC +6
a: Breathe Dispelling Energy, Renounce Religion


You were on level 7 of the Dungeon.
You worshipped Vehumet.
Vehumet was noncommittal.
You were not hungry.

You visited 2 branches of the dungeon, and saw 8 of its levels.

You collected 290 gold pieces.

Inventory:

Hand Weapons
 c - a +1 dagger of holy wrath
 f - a +1 short sword
 u - a +1 falchion of holy wrath
 w - a +1 dagger of holy wrath
 x - the +6 shillelagh "Devastator" (weapon) {shatter}
   (You found it on level 4 of the Dungeon)
 y - a +1 rapier of venom
Armour
 d - a +0 pair of gloves (worn)
Jewellery
 C - a -3 ring of evasion (left hand)
 D - a ring of protection from magic (right hand)
Wands
 H - a wand of random effects (22/48)
Scrolls
 b - a scroll of vulnerability {unknown}
 k - a scroll of remove curse
 m - a scroll of immolation
 q - 2 scrolls of recharging
 r - 3 scrolls of teleportation {unknown}
 s - 2 scrolls of magic mapping {unknown}
 E - a scroll of enchant armour {unknown}
 G - a scroll of identify
Potions
 e - a potion of cancellation
 i - a potion of lignification {unknown}
 j - a potion of berserk rage {unknown}
 l - 3 potions of heal wounds {unknown}
 n - 2 potions of curing {unknown}
 o - 4 potions of flight
 v - 3 potions of brilliance {unknown}
 z - 2 potions of agility
 A - a potion of might {unknown}
 B - a potion of haste
Books
 a - a book of Flames

   Spells                             Type                      Level
   a - Flame Tongue                   Conjuration/Fire             1
   b - Throw Flame                    Conjuration/Fire             2
   c - Conjure Flame                  Conjuration/Fire             3
   d - Inner Flame                    Hexes/Fire                   3
   e - Sticky Flame                   Conjuration/Fire             4
   f - Fireball                       Conjuration/Fire             5
 h - a book of Maledictions

   Spells                             Type                      Level
   a - Corona                         Hexes                        1
   b - Ensorcelled Hibernation        Hexes/Ice                    2
   c - Confuse                        Hexes                        3
   d - Tukima's Dance                 Hexes                        3
   e - Dazzling Spray                 Conjuration/Hexes            3
Comestibles
 p - a bread ration
 t - a royal jelly


   Skills:
 + Level 3.2 Fighting
 + Level 1.2(1.3) Short Blades
 - Level 0.8(1.1) Long Blades
 * Level 6.8 Maces & Flails
 + Level 3.5 Dodging
 + Level 3.5 Stealth
 + Level 0.2 Unarmed Combat
 + Level 5.5 Spellcasting
 + Level 3.5 Conjurations
 + Level 5.1 Fire Magic


You had 9 spell levels left.
You knew the following spells:

 Your Spells              Type           Power        Failure   Level  Hunger
a - Flame Tongue          Conj/Fire      ###..        2%          1    None
b - Throw Flame           Conj/Fire      ###...       3%          2    #......
c - Inner Flame           Hex/Fire       ##......     14%         3    ##.....
d - Conjure Flame         Conj/Fire      ###.....     7%          3    ##.....


Dungeon Overview and Level Annotations

Branches:
Dungeon (7/15)             Temple (1/1) D:6

Altars:
Cheibriados
Dithmenos
Elyvilon
Fedhas
Gozag
Hepliaklqana
Kikubaaqudgha
Makhleb
Nemelex Xobeh
Okawaru
Qazlal
Ru
Sif Muna
Trog
Vehumet
Xom
Yredelemnul
Zin
The Shining One


Innate Abilities, Weirdness & Mutations

You can breathe bolts of dispelling energy.
Your rich purple scales are hard. (AC +6)
You cannot fit into any form of body armour.
You are cold-blooded and may be slowed by cold attacks.


Message History

You are more poisoned.
The killer bee poisons you!
The killer bee stings you but does no damage.
The killer bee barely misses you. The killer bee closely misses you. x2
The killer bee stings you.
* * * LOW HITPOINT WARNING * * *
You are more poisoned.
The killer bee poisons you! The killer bee barely misses you.
A hippogriff comes into view.
* * * LOW HITPOINT WARNING * * *
You feel sick. The killer bee misses you. The killer bee barely misses you. x2
You hit the killer bee.
The killer bees shudder.
The killer bee is almost dead.
The killer bee is heavily wounded.
The killer bee is almost dead.
The killer bee is heavily wounded.
The killer bee is almost dead.
* * * LOW HITPOINT WARNING * * *
You feel sick. The killer bee stings you!
You die...

#........#
#......J.#
#?.......#
#........####
####'#####..
#.§..§...#.#
#..§§§...#.#
#.§yyy...#.#
#..§@y...''###
#...§........#
#..............#
#.#............#
#.#............#
# ######H#######
#.# #.#


You could see a hippogriff and 4 killer bees.

Vanquished Creatures
  Eustachio (D:4)
  The ghost of ANON1729 the Destroyer, an amateur TeCj (D:5)
  A water moccasin (D:6)
  A phantom (D:5)
  A sky beast (D:6)
  A centaur (D:6)
  Blork the orc (D:5)
  4 bullfrogs (D:6)
  4 scorpions
  2 howler monkeys
  3 crimson imps
  An orc priest (D:6)
  An orc wizard (D:4)
  A centaur skeleton (D:6)
  A hound (D:4)
  A bullfrog skeleton (D:5)
  2 iguanas
  Natasha (thrice) (D:4)
  Terence (D:2)
  4 worker ants
  11 adders
  5 shadow imps
  An ooze (D:3)
  A worm (D:3)
  A dart slug (D:2)
  4 leopard geckos
  17 orcs
  6 giant cockroaches
  8 goblins
  2 hobgoblins (D:1)
  7 jackals
  4 quokkas
  A ball python skeleton (D:4)
  11 bats
  A frilled lizard (D:3)
  14 kobolds
  A leopard gecko skeleton (D:6)
  11 rats
  A spectral orc (D:3)
142 creatures vanquished.

Notes
Turn   | Place    | Note
-------+----------+-------------------------------------------
     0 | D:1      | QuCean the Draconian Fire Elementalist began the quest for the Orb.
     0 | D:1      | Reached XP level 1. HP: 14/14 MP: 3/3
   406 | D:1      | Reached XP level 2. HP: 20/20 MP: 1/5
  1529 | D:1      | Reached XP level 3. HP: 26/26 MP: 0/6
  1838 | D:2      | Noticed Terence
  1966 | D:2      | Killed Terence
  1966 | D:2      | Reached XP level 4. HP: 11/33 MP: 1/8
  2997 | D:3      | Reached XP level 5. HP: 19/39 MP: 1/9
  3424 | D:3      | Reached skill level 1 in Fighting
  3737 | D:3      | Found a basalt altar of Yredelemnul.
  3805 | D:3      | Found a hazy altar of Hepliaklqana.
  4095 | D:4      | Noticed Natasha
  4104 | D:4      | Killed Natasha
  4160 | D:4      | Reached skill level 1 in Short Blades
  4160 | D:4      | Reached XP level 6. HP: 18/47 MP: 6/11
  4785 | D:4      | Noticed Eustachio
  4806 | D:4      | Killed Eustachio
  4806 | D:4      | Reached skill level 1 in Maces & Flails
  4850 | D:4      | Learned a level 2 spell: Throw Flame
  4854 | D:4      | Learned a level 3 spell: Inner Flame
  4858 | D:4      | Learned a level 3 spell: Conjure Flame
  4874 | D:4      | Noticed Natasha
  4879 | D:4      | Killed Natasha
  4879 | D:4      | Your scales start taking on a rich purple colour.
  4879 | D:4      | Reached skill level 5 in Spellcasting
  4879 | D:4      | Reached XP level 7. HP: 48/52 MP: 12/14
  4986 | D:4      | Noticed Natasha
  5000 | D:4      | Killed Natasha
  5277 | D:5      | Entered Level 5 of the Dungeon
  5277 | D:5      | Noticed ANON1729's ghost (amateur TeCj)
  5536 | D:5      | Reached skill level 2 in Maces & Flails
  5550 | D:5      | Killed ANON1729's ghost
  5783 | D:5      | Reached skill level 3 in Maces & Flails
  6036 | D:5      | Reached skill level 5 in Fire Magic
  6040 | D:5      | Noticed Blork the orc
  6047 | D:5      | Killed Blork the orc
  6047 | D:5      | Reached XP level 8. HP: 48/61 MP: 13/16
  6060 | D:5      | Reached skill level 4 in Maces & Flails
  6687 | D:6      | Reached skill level 5 in Maces & Flails
  7153 | D:6      | Found a staircase to the Ecumenical Temple.
  7163 | Temple   | Entered the Ecumenical Temple
  7386 | D:6      | Reached skill level 6 in Maces & Flails
  7514 | D:6      | Found a shadowy altar of Dithmenos.
  8380 | D:6      | Found an ancient bone altar of Kikubaaqudgha.
  8380 | D:6      | Found a radiant altar of Vehumet.
  8384 | D:6      | Became a worshipper of Vehumet
  8546 | D:7      | Noticed a hippogriff
  8547 | D:7      | Slain by a killer bee

Skill      XL: |  1  2  3  4  5  6  7  8 |
---------------+-------------------------+-----
Dodging        | 2 3 |  3.5
Stealth        | 2 3 |  3.5
Spellcasting   | 3 5 |  5.5
Fighting       | 1 2 3 |  3.2
Fire Magic     | 4 5 |  5.1
Conjurations   | 2 3 |  3.5
Short Blades   | 1 |  1.2
Maces & Flails | 1 3 6 |  6.8
Long Blades    | |  0.8
Unarmed Combat | |  0.2

Action                   |  1- 3 |  4- 6 |  7- 9 || total
-------------------------+-------+-------+-------++-------
Melee: Unarmed           |    18 |       |       ||    18
       Tailslap          |     4 |     5 |     7 ||    16
       Dagger            |    30 |    77 |       ||   107
       Shillelagh        |       |    10 |   111 ||   121
 Cast: Flame Tongue      |    59 |   119 |    23 ||   201
  Use: Scroll            |     2 |     5 |     3 ||    10
 Stab: Sleeping          |       |       |     1 ||     1
  Eat: Chunk             |     1 |     4 |     3 ||     8
       Bread ration      |     1 |       |       ||     1
       Royal jelly       |       |     1 |       ||     1
       Meat ration       |       |     1 |     1 ||     2
Armor: Skin              |    41 |    45 |    46 ||   132
Dodge: Dodged            |    85 |   103 |    74 ||   262
